 Dungeon Crawl Stone Soup version 0.28.0-45-g0d030f2227 (webtiles) character file.

Game seed: 2050555390427462182

65 Gabide the Chiller (level 3, 0/27 HPs)
             Began as a Demigod Ice Elementalist on Mar 30, 2022.
             Killed by divine providence
             ... invoked by an orc priest
              (9 damage)
             ... on level 3 of the Dungeon.
             The game lasted 00:04:13 (2216 turns).

Gabide the Chiller (Demigod Ice Elementalist)       Turns: 2216, Time: 00:04:13

Health: 0/27       AC:  2    Str:  9    XL:     3   Next: 67%
Magic:  4/9        EV: 12    Int: 21    God:
Gold:   44         SH:  0    Dex: 14    Spells: 2/6 levels left

rFire   . . .      SeeInvis .   (no weapon)
rCold   . . .      Faith    .   (no shield)
rNeg    . . .      Spirit   .   a - +0 robe
rPois   .          Reflect  .   (no helmet)
rElec   .          Harm     .   (no cloak)
rCorr   +          Rampage  .   (no gloves)
Will    .....                   (no boots)
Stlth   ++........              (no amulet)
HPRegen 0.09/turn               g - ring of resist corrosion
MPRegen 0.11/turn               (no ring)

@: no status effects
A: high MP 1, forlorn, divine attributes
a: no special abilities


You were on level 3 of the Dungeon.
You visited 1 branch of the dungeon, and saw 3 of its levels.

You collected 44 gold pieces.

Inventory:

Armour
 a - a +0 robe (worn)
Jewellery
 g - a ring of resist corrosion (left hand)
Scrolls
 c - a scroll of noise
 d - a scroll of magic mapping {unknown}
 e - a scroll of fog {unknown}
 h - a scroll of silence {unknown}
 i - a scroll of amnesia {unknown}
 k - a scroll of enchant armour {unknown}
 l - a scroll of teleportation {unknown}
Potions
 b - a potion of heal wounds
 f - a potion of curing


   Skills:
 * Level 0.8 Fighting
 * Level 2.1 Dodging
 + Level 1.9 Stealth
 + Level 0.1 Unarmed Combat
 * Level 2.4 Spellcasting
 * Level 4.2 Ice Magic


You had 2 spell levels left.
You knew the following spells:

 Your Spells              Type           Power      Damage    Failure   Level
a - Freeze                Ice            80%        1d9       2%          1
b - Ozocubu's Armour      Ice            20%        N/A       8%          3

Your spell library contained the following spells:

 Spells                   Type           Power      Damage    Failure   Level
 Pain                     Necr           8%         1d4       14%         1
 Frozen Ramparts          Ice            40%        1d6       8%          3
 Hailstorm                Conj/Ice       11%        3d5       52%         4
 Agony                    Necr           2%         N/A       98%         5
 Excruciating Wounds      Necr           1%         N/A       98%         5


Dungeon Overview and Level Annotations

Branches:
Dungeon (3/15)

Annotations:
D:3 2 runed translucent doors


Innate Abilities, Weirdness & Mutations

You have an increased reservoir of magic. (+10% MP)
You shall have no god before yourself.
Your divine heritage dramatically boosts your attributes as you level up.


Message History

Your icy armour will break if you move.
Continue? [Y]es or [N]o only, please.
Your icy armour will break if you move.
Continue? [Y]es or [N]o only, please.
Your icy armour will break if you move.
Continue?
Okay, then.
Your icy armour will break if you move.
Continue? [Y]es or [N]o only, please.
Your icy armour will break if you move.
Continue?
Okay, then.
You're too confused to attack without stumbling around!
You're too confused to attack without stumbling around!
You're too confused to cast spells.
You are too confused!
Your icy armour will break if you move.
Continue? [Y]es or [N]o only, please.
Your icy armour will break if you move.
Continue?
Okay, then.
The orc wizard mumbles some strange words.
The orc wizard flickers and vanishes!
Deactivating autopickup; reactivate with Ctrl-A.
The orc priest closely misses you.
The orc priest hits you but does no damage.
The orc hits you but does no damage. Something hits you.
The orc priest hits you but does no damage.
The orc priest barely misses you. The orc hits you but does no damage.
Something hits you but does no damage.
The orc priest hits you but does no damage.
The orc priest closely misses you. The orc hits you but does no damage.
You feel better. Something hits you. The orc priest misses you.
The orc priest hits you with a +0 hand axe.
The orc misses you.
Your icy armour will break if you move.
Continue? [Y]es or [N]o only, please.
Your icy armour will break if you move.
Continue?
Your icy armour cracks and falls away as you move.
The orc priest invokes the aid of Beogh against you.
Beogh smites you!
You die...

..... ... ... # ###
... .##.
....###.###....
.##............
......o.o...... #
##.o# #. ### #@..# #.#
###.####...#..)
#.#####..........#.#
#..##......##.#..#..#
#...#####.#......#.#..
#.#.#####...##...#....
###.#....#....#
...#..(.
....).##......# ...#
#++ ......##.....##
.... ..


You could see 2 orc priests.

Vanquished Creatures
  An adder (D:3)
  3 dart slugs
  3 bats
  4 endoplasms
  3 giant cockroaches (D:2)
  4 goblins
  3 hobgoblins
  4 jackals (D:2)
  2 quokkas (D:2)
  4 ball pythons
  13 frilled lizards
  4 kobolds
  2 rats (D:1)
50 creatures vanquished.

Vanquished Creatures (others)
  7 plants (D:2)
7 creatures vanquished.

Grand Total: 57 creatures vanquished

Notes
Turn   | Place    | Note
-------+----------+-------------------------------------------
     0 | D:1      | Gabide the Demigod Ice Elementalist began the quest for the
                  | Orb.
     0 | D:1      | Reached XP level 1. HP: 14/14 MP: 5/5
   266 | D:1      | Reached skill level 4 in Ice Magic
   272 | D:1      | Reached XP level 2. HP: 19/20 MP: 4/7
  1361 | D:2      | Reached XP level 3. HP: 27/27 MP: 6/8
  2092 | D:2      | Learned a level 3 spell: Ozocubu's Armour
  2204 | D:3      | Found a runed translucent gate.
  2205 | D:3      | Found a runed translucent gate.
  2216 | D:3      | Killed from afar by an orc priest

Illustrated notes

Levels and vault maps discovered:
D:1:      nzn_arrival_crosshair, layout_loops_ring, basic_ecumenical_altar
D:2:      layout_basic, basic_altar, minmay_lizard_king
D:3:      layout_rooms, nicolae_gozag_seed_capital, gammafunk_ghost_split,
          minmay_goblin_outpost

Skill      XL: |  1  2  3 |
---------------+----------+-----
Ice Magic      | 4 |  4.2
Spellcasting   | 2 |  2.4
Dodging        | 2 |  2.1
Fighting       | |  0.8
Stealth        | |  1.9
Unarmed Combat | |  0.1

Action                   || total
-------------------------++-------
Melee: Unarmed           ||     7
 Cast: Freeze            ||    74
       Ozocubu's Armour  ||     1
  Use: Scroll            ||     4
       Potion            ||     1
 Stab: Sleeping          ||     1
Armor: Robe              ||    14
Dodge: Dodged            ||    36
